 Dungeon Crawl Stone Soup version 0.29.1-2-gbd0b4ee654 (webtiles) character file.

Game seed: 10771722402840992025

4 goba the Chiller (level 1, -7/21 HPs)
             Began as a Draconian Ice Elementalist on Nov 5, 2022.
             Engulfed by a cloud of flame (14 damage)
             ... on level 2 of the Dungeon.
             The game lasted 00:03:57 (179 turns).

goba the Chiller (Draconian Ice Elementalist)        Turns: 179, Time: 00:03:57

Health: -7/21      AC: 20    Str: 10    XL:     1   Next: 58%
Magic:  3/3        EV:  2    Int: 15    God:
Gold:   24         SH:  0    Dex: 11    Spells: 3/4 levels left

rFire   . . .      SeeInvis .   b - +0 dagger
rCold   . . .      Faith    .   (no shield)
rNeg    . . .      Spirit   .   (body armour unavailable)
rPois   +          Reflect  .   (helmet currently unavailable)
rElec   .          Harm     .   (cloak currently unavailable)
rCorr   .          Rampage  .   (gloves currently unavailable)
Will    .....      NoTele   +   (boots currently unavailable)
Stlth   ++........              (no amulet)
HPRegen 0.07/turn               (no ring)
MPRegen 0.08/turn               (no ring)

@: tree-form
A: stationary, stasis, torment immunity, boosted hp, AC +4, unfitting armour,
(cold-blooded)
a: no special abilities


You were on level 2 of the Dungeon.
You were a tree.
You visited 1 branch of the dungeon, and saw 2 of its levels.

You collected 24 gold pieces.

Inventory:

Hand Weapons
 b - a +0 dagger (weapon)
Missiles
 d - 8 stones
Potions
 a - a potion of magic


   Skills:
 + Level 1.7 Dodging
 + Level 1.7 Stealth
 + Level 2.0 Spellcasting
 + Level 4.2 Ice Magic


You had 3 spell levels left.
You knew the following spells:

 Your Spells              Type           Power      Damage    Failure   Level
a - Freeze                Ice            56%        1d7       3%          1

Your spell library contained the following spells:

 Spells                   Type           Power      Damage    Failure   Level
 Frozen Ramparts          Ice            28%        1d5       12%         3
 Ozocubu's Armour         Ice            14%        N/A       12%         3
 Hailstorm                Conj/Ice       7%         3d4       67%         4


Dungeon Overview and Level Annotations

Branches:
Dungeon (2/15)

Altars:


Innate Abilities, Weirdness & Mutations

You are a tree.
Your roots penetrate the ground, keeping you stationary.
You cannot be teleported.
You are immune to unholy pain and torment.
Your maximum health is greatly increased.
Your equipment is partially melded.
((Your plain brown scales are hard. (AC +4)))
You cannot fit into any form of body armour.
((You are cold-blooded and may be slowed by cold attacks.))


Message History

Orders for allies: a - Attack new target. r - Retreat! s - Stop attacking. g - Guard the area. f - Follow me.
Anything else - Cancel.
You creak for attention!
The bat barely misses you. The bat hits you but does no damage.
You cannot move.
You cannot move.
You cannot move.
You cannot move.
You cannot move.
You cannot move.
You cannot move.
Unknown command.
Unknown command.
Unknown command.
Unknown command.
You are already wielding that!
You cannot move.
You cannot move.
You cannot move.
You cannot move.
You cannot move.
You cannot move.
You cannot move.
You cannot move.
You cannot move.
You cannot move.
You cannot move.
Unknown command.
Unknown command.
Okay, then.
As you read the scroll labelled BUDGHA ISAARHI, it crumbles to dust.
The creatures around you are filled with an inner flame!
It was a scroll of immolation.
You hit the bat.
The bat explodes!
The fiery explosion engulfs you.
You are engulfed in blazing flames.
Ouch! That really hurt!
You die...

#####. .. #b....##.#
.......#.# # ##.#
#......# .# #... #
#.#...# #.# ... .. .
...#....###.r# ....#
............#...# #.#..
.....#####.#.# ....
#.§)♣...#.#
.#..#################.#
<#................# #.#
####.#####..#####.###.#
.#...##..........<....#
.#......##..#####.#####
...#.#####..#####.#
####.#####........#
#.......########


There were no monsters in sight!

Vanquished Creatures
  An endoplasm (D:2)
  A kobold (D:2)
  A bat (D:2)
  A goblin (D:1)
  2 rats (D:1)
6 creatures vanquished.

Notes
Turn   | Place    | Note
-------+----------+-------------------------------------------
     0 | D:1      | goba the Draconian Ice Elementalist began the quest for the
                  | Orb.
     0 | D:1      | Reached XP level 1. HP: 14/14 MP: 3/3
   179 | D:2      | Engulfed by a cloud of flame

Illustrated notes

Levels and vault maps discovered:
D:1:      dpeg_arrival_subterranean_lakeside_camping, layout_basic,
          shapermc_ecumenical_altar_pompeii,
          nicolae_concentric_dashed_squares_wild,
          chequers_serial_rivers_micro_d, corner_web_ring
D:2:      layout_loops_cross, nicolae_eternal_life, minmay_octomino_e4

Action                   || total
-------------------------++-------
Melee: Dagger            ||    23
       Unarmed           ||    15
       Tailslap          ||     2
  Use: Potion            ||     2
       Scroll            ||     1
Armor: Skin              ||    19
Dodge: Dodged            ||    23
